 Dungeon Crawl Stone Soup version 0.19-a0-1732-g0b18a7b (webtiles) character file.

756 wazuzu the Destroyer (level 7, -4/50 HPs)
             Began as a Demonspawn Conjurer on Sept 30, 2016.
             Was a Follower of Dithmenos.
             Slain by a gnoll
             ... wielding a +0 halberd
              (15 damage)
             ... on level 4 of the Dungeon.
             The game lasted 00:21:07 (6258 turns).

wazuzu the Destroyer (Demonspawn Conjurer)          Turns: 6258, Time: 00:21:08

Health: -4/50      AC:  7    Str:  7 (8)  XL:     7   Next: 50%
Magic:  11/14      EV: 12    Int: 19      God:    Dithmenos [*.....]
Gold:   173        SH:  0    Dex: 18 (19) Spells: 2 memorised, 9 levels left

rFire  . . .     SeeInvis .     r - +1 falchion of Momaoghi {slice, rC+ Dex+6} (curse)
rCold  + . .     Gourm    .     a - +1 robe
rNeg   . . .     Faith    .     (no shield)
rPois  +         Spirit   .     (no helmet)
rElec  .         Dismiss  +     (no cloak)
rCorr  .         Reflect  .     (no gloves)
MR     .....     Harm     .     (no boots)
Stlth  ++........               g - amulet of dismissal
                                (no ring)
                                (no ring)

@: wreathed by umbra
A: talons 1, iridescent scales 2, poison resistance, robust 1
a: Renounce Religion


You were on level 4 of the Dungeon.
You worshipped Dithmenos.
Dithmenos was aware of your devotion.
You were not hungry.

You visited 2 branches of the dungeon, and saw 5 of its levels.
You also visited: Sewer.

You collected 173 gold pieces.

Inventory:

Hand Weapons
 r - the cursed +1 falchion of Momaoghi (weapon) {slice, rC+ Dex+6}
   (You found it on level 4 of the Dungeon)

   It inflicts extra damage upon your enemies.
   It affects your dexterity (+6).
   It protects you from cold.
   It has a curse placed upon it.
Armour
 a - a +1 robe (worn)
 e - a +1 chain mail of cold resistance
Jewellery
 g - an amulet of dismissal (around neck)
Wands
 f - a wand of iceblast (7/15)
 m - a wand of polymorph (10/24)
Scrolls
 k - 3 scrolls of magic mapping
Potions
 d - a potion of lignification {unknown}
 h - a potion of might
 j - a potion of magic
 o - a potion of invisibility {unknown}
 q - a potion of curing {unknown}
Books
 b - a book of Conjurations

   Spells                             Type                      Level
   a - Magic Dart                     Conjuration                  1
   b - Searing Ray                    Conjuration                  2
   c - Dazzling Spray                 Conjuration/Hexes            3
   d - Fulminant Prism                Conjuration/Hexes            4
   e - Iskenderun's Mystic Blast      Conjuration                  4
   f - Iskenderun's Battlesphere      Conjuration/Charms           5
Comestibles
 c - 2 bread rations
 i - a chunk of flesh
 l - 2 meat rations


   Skills:
 - Level 1.7 Dodging
 - Level 1.7 Stealth
 + Level 4.7 Spellcasting
 - Level 8.0 Conjurations
 + Level 0.1 Charms


You had 9 spell levels left.
You knew the following spells:

 Your Spells              Type           Power        Failure   Level  Hunger
a - Magic Dart            Conj           ####         1%          1    None
b - Iskenderun's Battles  Conj/Chrm      ###.....     75%         5    ######.


Dungeon Overview and Level Annotations

Branches:
Dungeon (4/15)             Temple (1/1) D:4

Altars:
Dithmenos
Fedhas
The Shining One


Innate Abilities, Weirdness & Mutations

You are mostly covered in iridescent scales. (AC +4)
You have sharp toenails.
Your system is resistant to poisons. (rPois)
You are robust. (+10% HP)


Message History

You writhe in agony.
* * * LOW HITPOINT WARNING * * *
Casting: Magic Dart
Confirm with . or Enter, or press ? or * to list all spells.
Aiming: Magic Dart
Press: ? - help, Shift-Dir - straight line, f/p - big kobold
Aim: a big kobold, wielding a dagger of pain (moderately wounded, umbra)
The magic dart hits the big kobold.
The big kobold is moderately wounded.
The gnoll barely misses you. The big kobold closely misses you.
Okay, then.
Casting: Magic Dart
Confirm with . or Enter, or press ? or * to list all spells.
Aiming: Magic Dart
Press: ? - help, Shift-Dir - straight line, f/p - big kobold
Aim: a big kobold, wielding a dagger of pain (moderately wounded, umbra)
The magic dart hits the big kobold.
The big kobold is moderately wounded.
The gnoll hits you from afar with a halberd!
You die...

...........)....................)
...........(.....................
≈.≈≈.≈.≈≈.≈≈≈≈.≈≈≈≈.≈≈......≈.≈≈≈
≈≈≈≈≈≈≈≈≈≈≈≈≈≈≈≈≈≈≈≈≈≈≈≈.....≈≈≈≈
≈≈≈≈≈≈≈≈≈≈≈≈≈≈≈≈≈≈≈≈≈≈≈......≈≈≈≈
≈≈≈≈≈≈≈≈≈≈≈≈≈≈≈≈≈≈≈≈≈≈≈≈....≈≈≈≈≈
#########################''######
.....## ##....K#)......#....#....
......###....KKK@......#....#....
.......#.....Kg#########)...#####
...K...#.(...........(#......#...
.......'..............())....((..
......K#.......(......#.)....#)..
.......#......(#########.).(#####
......###.....)(.......#....#....
.....## ##.....#.......#....#....
######***########################


You could see 3 big kobolds, a gnoll and 2 kobolds.

Vanquished Creatures
  An ogre (D:4)
  3 big kobolds (D:4)
  A scorpion (D:4)
  The ghost of wazuzu the Chiller, a weakling MfIE (D:4)
  A hound (D:3)
  An orc priest (D:4)
  Jessica (D:2)
  An iguana (D:4)
  A worker ant (D:4)
  3 gnolls (D:3)
  6 adders
  A river rat (D:3)
  An adder skeleton (D:4)
  5 worms
  3 leopard geckos
  7 orcs (D:4)
  6 giant cockroaches
  8 hobgoblins
  7 jackals
  2 quokkas (D:3)
  8 ball pythons
  5 bats
  6 frilled lizards
  10 goblins
  44 kobolds
  5 rats
138 creatures vanquished.

Notes
Turn   | Place    | Note
-------+----------+-------------------------------------------
     0 | D:1      | wazuzu the Demonspawn Conjurer began the quest for the Orb.
     0 | D:1      | Reached XP level 1. HP: 13/13 MP: 3/3
   328 | D:1      | Gained mutation: You are partially covered in iridescent scales. (AC +2) [demonic ancestry]
   328 | D:1      | Reached XP level 2. HP: 19/19 MP: 1/5
   954 | D:2      | Noticed Jessica
   964 | D:2      | Killed Jessica
   964 | D:2      | Gained mutation: You are mostly covered in iridescent scales. (AC +4) [demonic ancestry]
   964 | D:2      | Reached XP level 3. HP: 19/24 MP: 1/6
  1269 | D:2      | Reached skill level 5 in Conjurations
  1716 | D:2      | Reached XP level 4. HP: 23/30 MP: 8/8
  2677 | D:3      | Found a blossoming altar of Fedhas.
  2787 | D:3      | Reached XP level 5. HP: 31/35 MP: 9/9
  3147 | D:3      | Found a glowing golden altar of the Shining One.
  3835 | D:3      | Reached skill level 6 in Conjurations
  3907 | D:4      | Found a glowing drain.
  3923 | Sewer    | Entered a sewer
  4086 | Sewer    | Reached XP level 6. HP: 35/41 MP: 11/11
  4104 | Sewer    | Noticed Ruebezahl's ghost (novice MiFi)
  4131 | Sewer    | Gained mutation: Your system is resistant to poisons. (rPois) [potion of mutation]
  4131 | Sewer    | Gained mutation: You are robust. (+10% HP) [potion of mutation]
  4131 | Sewer    | Gained mutation: You have sharp toenails. [potion of mutation]
  4409 | D:4      | Learned a level 5 spell: Iskenderun's Battlesphere
  4428 | D:4      | Found a staircase to the Ecumenical Temple.
  4433 | Temple   | Entered the Ecumenical Temple
  4439 | Temple   | Became a worshipper of Dithmenos the Shadowed
  4456 | D:4      | Noticed wazuzu's ghost (weakling MfIE)
  4542 | D:4      | Killed wazuzu's ghost
  4961 | D:4      | Reached skill level 7 in Conjurations
  5244 | D:4      | Got a twisted falchion
  5254 | D:4      | Identified the cursed +1 falchion of Momaoghi {slice, rC+ Dex+6} (You found it on level 4 of the Dungeon)
  5297 | D:4      | Reached * piety under Dithmenos
  5445 | D:4      | Reached XP level 7. HP: 30/50 MP: 13/13
  6077 | D:4      | Reached skill level 8 in Conjurations
  6258 | D:4      | Slain by a gnoll

Vault maps used:
D:1:      dpeg_chamrin_arrival_tetris, kennysheep_crisscross
D:2:      first_bread, uniq_jessica
D:3:      tso_altar, fedhas_altar_1
D:4:      minmay_goblin_kobold_castle, portal_sewer_entry_a
Temple:   dshaligram_water_room_temple
Sewer:    sewer_co_scattered_pipes

Skill      XL: |  1  2  3  4  5  6  7 |
---------------+----------------------+-----
Conjurations   | 5 6 7 8 |  8.0
Spellcasting   | 3 4 |  4.7
Dodging        | |  1.7
Stealth        | |  1.7
Charms         | |  0.1

Action                   |  1- 3 |  4- 6 |  7- 9 || total
-------------------------+-------+-------+-------++-------
Melee: Short sword       |    66 |   277 |       ||   343
       Unarmed           |     1 |       |       ||     1
       Falchion          |       |    70 |   124 ||   194
       Kick              |       |    25 |    30 ||    55
 Cast: Magic Dart        |    28 |    36 |     3 ||    67
  Use: Scroll            |       |    12 |     1 ||    13
       Potion            |       |     7 |       ||     7
 Stab: Distracted        |       |       |     1 ||     1
  Eat: Chunk             |     2 |     6 |     1 ||     9
       Bread ration      |       |     2 |       ||     2
Armor: Robe              |     8 |     8 |     6 ||    22
       Chain mail        |    35 |   302 |   129 ||   466
Dodge: Dodged            |    23 |    85 |    44 ||   152
